 Dungeon Crawl Stone Soup version 0.31.0-32-g396128a36d (webtiles) character file.

Game seed: 5000273359280338369

4150 PriceMaster the Sneak (level 10, -1/53 HPs)
             Began as a Vine Stalker Enchanter on Mar 26, 2024.
             Was a Believer of Dithmenos.
             Killed from afar by a manticore (3 damage)
             ... with a volley of spikes
             ... on level 7 of the Dungeon.
             The game lasted 00:17:11 (7771 turns).

PriceMaster the Sneak (Vine Stalker Enchanter)      Turns: 7771, Time: 00:17:12

Health: -1/53      AC: 10    Str: 14    XL:     10   Next: 27%
Magic:  0/29       EV: 28    Int: 23    God:    Dithmenos [**....]
Gold:   154        SH:  0    Dex: 14    Spells: 9/21 levels left

rFire   . . .        o - +4 long sword (elec)
rCold   . . .        r - orb {*Rage}
rNeg    . . .        B - +0 steam dragon scales
rPois   .            (no helmet)
rElec   .            z - +2 cloak
rCorr   .            F - +1 pair of gloves
SInv    .            (no boots)
Will    +....        h - amulet of the acrobat
Stlth   +++++        m - ring of magical power
HPRegen 1.08/turn    C - +6 ring of intelligence
MPRegen 0.21/turn

%: random rage (20%), acrobat, guardian spirit
@: about to teleport, spiked, on berserk cooldown, acrobatic, wreathed by umbra
A: fangs 3, regeneration 1, magic shield, antimagic bite, no potion heal 2
a: Renounce Religion, Shadow Step


You were on level 7 of the Dungeon.
You worshipped Dithmenos.
Dithmenos was pleased with you.
You visited 1 branch of the dungeon, and saw 7 of its levels.

You collected 304 gold pieces.
You spent 150 gold pieces at shops.

Inventory:

Hand Weapons
 a - a +1 dagger
 g - a +0 spear
 l - a +3 short sword
 o - a +4 long sword of electrocution (weapon)
 E - a +3 battleaxe
Missiles
 D - a throwing net
Armour
 b - a +0 robe
 f - a +0 cloak
 r - an orb of wrath (worn)
 z - a +2 cloak (worn)
 B - +0 steam dragon scales (worn)
 F - a +1 pair of gloves (worn)
Jewellery
 h - an amulet of the acrobat (around neck)
 i - a ring of fire
 m - a ring of magical power (left hand)
 p - a ring of positive energy
 A - a ring of resist corrosion
 C - a +6 ring of intelligence (right hand)
 I - a +6 ring of strength
Wands
 H - a wand of roots (9)
Scrolls
 c - a scroll of amnesia
 k - a scroll of fear
 y - a scroll of poison
 G - a scroll of enchant weapon {unknown}
Potions
 d - 2 potions of degeneration
 e - 3 potions of heal wounds
 j - a potion of magic {unknown}
 q - 3 potions of haste {unknown}
 s - a potion of cancellation {unknown}
 t - a potion of curing {unknown}
 u - a potion of attraction {unknown}
 v - a potion of brilliance {unknown}
 w - a potion of mutation {unknown}
 x - 2 potions of enlightenment {unknown}


   Skills:
 * Level 5.8 Fighting
 + Level 1.3(4.1) Short Blades
 + Level 6.1(6.2) Long Blades
 + Level 1.0 Polearms
 + Level 4.0 Dodging
 + Level 7.6 Stealth
 + Level 6.3 Spellcasting
 + Level 1.9 Conjurations
 + Level 5.2 Hexes
 + Level 2.8 Translocations
 + Level 1.2 Ice Magic


You had 9 spell levels left.
You knew the following spells:

 Your Spells              Type           Power      Damage    Failure   Level
a - Ensorcelled Hibernat  Hex/Ice        44%        N/A       3%          2
b - Lesser Beckoning      Tloc           40%        N/A       4%          2
c - Tukima's Dance        Hex            31%        N/A       2%          3
d - Momentum Strike       Conj/Tloc      36%        3d9       4%          2
e - Confusing Touch       Hex            31%        N/A       2%          3

Your spell library contained the following spells:

 Spells                   Type           Power      Damage    Failure   Level
 Blink                    Tloc           40%        N/A       4%          2
 Dazzling Flash           Conj/Hex       46%        N/A       5%          3
 Gell's Gravitas          Tloc           20%        N/A       8%          3
 Teleport Other           Tloc           20%        N/A       8%          3


Dungeon Overview and Level Annotations

Branches:
Dungeon (7/15)             Temple (0/1) D:6

Altars:
Dithmenos
Nemelex Xobeh
Qazlal

Shops:
D:4 (   D:6 *


Innate Abilities, Weirdness & Mutations

You have razor-sharp teeth.
Your natural rate of healing is unusually fast.
When hurt, damage is shared between your health and your magic reserves.
Your bite disrupts and absorbs the magic of your enemies.
Potions cannot restore your health.


Message History

Casting: Momentum Strike (safe; 4% risk of failure)
Confirm with . or Enter, or press ? or * to list all spells.
You cannot redirect your momentum while unable to move.
You miss the killer bee.
The killer bee is severely wounded.
The killer bee misses you. x2
Okay, then.
As you read the scroll of teleportation, it crumbles to dust.
You feel strangely unstable. The killer bee barely misses you.
The manticore bites the manticore.
The manticore claws the manticore. x2
The manticore bites you!
* * * LOW HITPOINT WARNING * * *
The manticore claws you.
* * * LOW HITPOINT WARNING * * *
The manticore claws you but does no damage.
The killer bee closely misses you.
Casting: Momentum Strike (safe; 4% risk of failure)
Confirm with . or Enter, or press ? or * to list all spells.
Okay, then.
You barely miss the killer bee.
The killer bee is severely wounded.
The killer bee closely misses you. The manticore barely misses you.
The manticore claws you but does no damage.
The manticore claws you.
* * * LOW HITPOINT WARNING * * *
The killer bee stings you.
You hit the killer bee.
Lightning courses through the killer bee!
You kill the killer bee!
Dithmenos accepts your kill.
You are no longer robbed of momentum.
The manticore bites you!
* * * LOW HITPOINT WARNING * * *
The manticore claws you!
* * * LOW HITPOINT WARNING * * *
The manticore barely misses you.
The manticore flicks its tail.
The volley of spikes skewers you.
The barbed spikes become lodged in your body.
You die...

###.# ###.####
.......# .##.####
## # ## .##### .♣
.♣♣. )#♣♣.♣♣# ♣.
♣..♣ . .#♣....#
♣.. ♣H.♣ .
.#♣.≈♣.# ♣..♣♣♣†H♣
# .#♣.~..#
♣).@♣♣...♣
.#♣.≈.♣########'##
###
.#♣..♣♣#.♣.♣.#...#
.#♣.♣♣♣♣.)♣..♣...♣
....)..[.)...'>8<+
.#♣♣♣.♣♣).♣..♣...♣
.#♣...♣#.♣.♣.#...#
.#♣♣♣..########+##
.#♣..≈.#


You could see 2 manticores.

Vanquished Creatures
  Maggie (D:7)
  A kobold demonologist (D:7)
  Sigmund (D:4)
  A yak (D:7)
  A steam dragon (D:6)
  Menkaure (D:4)
  2 sky beasts
  A black bear (D:5)
  3 water moccasins
  An ogre (D:5)
  4 ice beasts
  A centaur (D:7)
  2 phantoms
  2 bullfrogs
  A gnoll sergeant (D:6)
  4 scorpions
  8 wights
  A killer bee (D:7)
  A hound (D:4)
  2 orc priests
  2 bombardier beetles
  2 jellies
  2 sleepcaps
  Crazy Yiuf (D:4)
  Natasha (thrice) (D:3)
  An iguana (D:5)
  4 orc wizards
  8 gnolls
  6 adders
  2 shadow imps
  A white imp (D:7)
  5 ufetubi
  2 dart slugs
  3 ribbon worms
  15 orcs
  11 bats
  7 endoplasms
  4 giant cockroaches
  6 goblins
  4 hobgoblins
  5 jackals
  8 quokkas
  7 ball pythons
  2 frilled lizards (D:2)
  5 kobolds
  3 rats
158 creatures vanquished.

Vanquished Creatures (collateral kills)
  An ogre (D:6)
  A wight (D:6)
  2 gnolls (D:6)
  2 orcs (D:7)
6 creatures vanquished.

Vanquished Creatures (others)
  4 dancing weapons
  A gnoll (D:6)
5 creatures vanquished.

Grand Total: 169 creatures vanquished

Notes
Turn   | Place    | Note
-------+----------+-------------------------------------------
     0 | D:1      | PriceMaster the Vine Stalker Enchanter began the quest for
                  | the Orb.
     0 | D:1      | Reached XP level 1. HP: 9/9 MP: 4/4
   124 | D:1      | Reached XP level 2. HP: 13/13 MP: 6/6
   127 | D:1      | Learned a level 2 spell: Ensorcelled Hibernation
   171 | D:1      | Reached skill level 1 in Short Blades
   496 | D:1      | Reached XP level 3. HP: 16/16 MP: 5/7
   831 | D:2      | Reached skill level 1 in Polearms
   886 | D:2      | Reached skill level 4 in Stealth
  1090 | D:2      | Reached XP level 4. HP: 21/21 MP: 8/8
  1136 | D:2      | Reached skill level 1 in Long Blades
  1223 | D:2      | Learned a level 2 spell: Lesser Beckoning
  1571 | D:3      | Noticed Natasha
  1572 | D:3      | Killed Natasha
  1573 | D:3      | Reached XP level 5. HP: 24/24 MP: 9/9
  1579 | D:3      | Noticed Natasha
  1587 | D:3      | Killed Natasha
  1588 | D:3      | Reached skill level 1 in Fighting
  1856 | D:3      | Noticed Natasha
  1862 | D:3      | Killed Natasha
  1863 | D:3      | Reached skill level 5 in Stealth
  1895 | D:3      | Found a sparkling altar of Nemelex Xobeh.
  2032 | D:3      | Learned a level 3 spell: Tukima's Dance
  2082 | D:3      | Reached XP level 6. HP: 30/30 MP: 10/10
  2430 | D:4      | Found Teebet's Weapon Shop.
  2592 | D:4      | Noticed Sigmund
  2598 | D:4      | Killed Sigmund
  2634 | D:4      | Reached XP level 7. HP: 34/35 MP: 11/11
  2943 | D:4      | Found a shadowy altar of Dithmenos.
  2943 | D:4      | Noticed Menkaure
  2949 | D:4      | Killed Menkaure
  2950 | D:4      | Reached skill level 6 in Stealth
  2992 | D:4      | Became a worshipper of Dithmenos the Shadowed
  3174 | D:4      | Learned a level 2 spell: Momentum Strike
  3354 | D:4      | Found a runed translucent door.
  3355 | D:4      | Noticed Crazy Yiuf
  3626 | D:4      | Killed Crazy Yiuf
  4373 | D:5      | Entered Level 5 of the Dungeon
  4621 | D:5      | Gained mutation: You have razor-sharp teeth. [Vine Stalker
                  | growth]
  4621 | D:5      | Reached XP level 8. HP: 28/40 MP: 13/13
  5004 | D:5      | Reached skill level 1 in Translocations
  5285 | D:6      | Reached skill level 1 in Conjurations
  5310 | D:6      | Reached * piety under Dithmenos
  5311 | D:6      | Reached skill level 1 in Ice Magic
  5412 | D:6      | Reached skill level 5 in Long Blades
  5412 | D:6      | Reached skill level 7 in Stealth
  5465 | D:6      | Reached XP level 9. HP: 44/45 MP: 16/16
  5493 | D:6      | Found a stormy altar of Qazlal.
  5681 | D:6      | Found Eritro's Assorted Antiques.
  6062 | D:6      | Bought a small cameo amulet for 150 gold pieces
  6118 | D:6      | Reached skill level 5 in Spellcasting
  6247 | D:6      | Found a staircase to the Ecumenical Temple.
  6535 | D:6      | Reached skill level 5 in Fighting
  6545 | D:6      | Reached ** piety under Dithmenos
  6892 | D:6      | Learned a level 3 spell: Confusing Touch
  7184 | D:7      | Noticed Maggie
  7199 | D:7      | Killed Maggie
  7202 | D:7      | Reached skill level 5 in Hexes
  7338 | D:7      | Reached XP level 10. HP: 51/51 MP: 19/19
  7503 | D:7      | Noticed a kobold demonologist
  7514 | D:7      | Killed a kobold demonologist
  7759 | D:7      | Noticed a manticore
  7765 | D:7      | Noticed a manticore
  7770 | D:7      | HP: 1/53 [manticore (3)]
  7771 | D:7      | Killed from afar by a manticore

Illustrated notes

Levels and vault maps discovered:
D:1:      dpeg_arrival_subterranean_lakeside_camping, layout_basic
D:2:      layout_loops_corners, chequers_mini_garden
D:3:      layout_rooms, nemelex_spade_bored_becter,
          kennysheep_decorative_pillar, kennysheep_pointless_box, uniq_natasha
D:4:      layout_basic, kennysheep_little_box, serial_corexii_hall,
          corexii_hall_statues_s, corexii_hall_statues_i,
          corexii_hall_statues_u, serial_shops, nicolae_shop_statue_plus,
          uniq_crazy_yiuf_cottage, uniq_sigmund, uniq_menkaure
D:5:      dreamdust_elfheim, layout_loops_cross
D:6:      layout_rooms, mainiacjoe_overflow_tiny_flanked,
          minmay_temple_entry_junction, serial_shops,
          nicolae_shop_advertising_works [nicolae_subvault_shop_adworks]
D:7:      nzn_winding_woodlands_stair_cross
          [nzn_winding_woodlands_5x15_split_checker,
          nzn_winding_woodlands_center_lodge,
          nzn_winding_woodlands_5x15_pockets, nzn_winding_woodlands_5x5_default,
          nzn_winding_woodlands_hourglass, nzn_winding_woodlands_5x15_zeroes,
          nzn_winding_woodlands_center_garden,
          nzn_winding_woodlands_5x15_pathside_ponds], layout_loops_ring,
          biasface_ghost_orc_armoury, uniq_maggie

Skill      XL: |  1  2  3  4  5  6  7  8  9 10 |
---------------+-------------------------------+-----
Short Blades   | 1 |  1.3
Dodging        | 2 3 4 |  4.0
Polearms       | 1 |  1.0
Stealth        | 4 5 6 7 |  7.6
Long Blades    | 1 2 3 4 5 6 |  6.1
Fighting       | 1 2 3 4 5 |  5.8
Spellcasting   | 3 4 5 6 |  6.3
Translocations | 1 2 |  2.8
Conjurations   | 1 |  1.9
Ice Magic      | 1 |  1.2
Hexes          | 5 |  5.2

Action                     |  1- 3 |  4- 6 |  7- 9 | 10-12 || total
---------------------------+-------+-------+-------+-------++-------
  Melee: Dagger            |    17 |       |       |       ||    17
         Bite              |    18 |    15 |    45 |    16 ||    94
         Spear             |    54 |       |       |       ||    54
         Long sword        |    27 |    78 |   156 |    50 ||   311
         Short sword       |     7 |       |       |       ||     7
         Punch             |       |     1 |       |       ||     1
  Throw: Throwing net      |       |       |       |     1 ||     1
   Cast: Ensorcelled Hiber |       |     2 |    10 |       ||    12
         Lesser Beckoning  |       |     1 |     6 |     5 ||    12
         Tukima's Dance    |       |       |    25 |     5 ||    30
         Momentum Strike   |       |       |    15 |     4 ||    19
         Confusing Touch   |       |       |     4 |     6 ||    10
    Use: Scroll            |     6 |     4 |     3 |     2 ||    15
         Potion            |       |       |     3 |       ||     3
   Stab: Sleeping          |     9 |     9 |    14 |       ||    32
         Distracted        |       |     1 |       |       ||     1
         Confused          |       |       |     2 |       ||     2
 Armour: Robe              |    62 |    40 |   105 |       ||   207
         Steam dragon scal |       |       |    42 |    51 ||    93
  Dodge: Dodged            |    53 |    54 |   175 |    65 ||   347
